 Dungeon Crawl Stone Soup version 0.29.0-4-gdea44cf6ec (webtiles) character file.

Game seed: 14356100222053146764

214 qw the Chopper (level 5, 0/41 HPs)
             Began as a Demonspawn Cinder Acolyte on Sept 8, 2022.
             Was an Elder of Ignis.
             Blown up by Pikel (3 damage)
             ... with a mindburst bolt
             ... on level 4 of the Dungeon.
             The game lasted 00:01:08 (4168 turns).

qw the Chopper (Demonspawn Cinder Acolyte)          Turns: 4168, Time: 00:01:08

Health: 0/41       AC: 20    Str: 16    XL:     5   Next: 60%
Magic:  0/6        EV:  9    Int: 15    God:    Ignis [****..]
Gold:   137        SH:  0    Dex:  9    Spells: 6/6 levels left

rFire   + . .      SeeInvis .   m - +0 war axe
rCold   . . .      Faith    .   (no shield)
rNeg    . . .      Spirit   +   b - +0 chain mail
rPois   .          Reflect  .   h - +2 helmet
rElec   .          Harm     .   (no cloak)
rCorr   .          Rampage  .   j - +0 pair of gloves
Will    .....                   e - +0 pair of boots
Stlth   ..........              (no amulet)
HPRegen 0.13/turn               (no ring)
MPRegen 0.20/turn               (no ring)

@: fiery-armoured
A: repulsion field 1, magic shield, magic regeneration
a: Renounce Religion, Fiery Armour, Foxfire Swarm, Rising Flame


You were on level 4 of the Dungeon.
You worshipped Ignis.
Ignis was greatly pleased with you.
You visited 1 branch of the dungeon, and saw 4 of its levels.

You collected 262 gold pieces.
You spent 125 gold pieces at shops.


Innate Abilities, Weirdness & Mutations

You are surrounded by a mild repulsion field. (EV +2)
When hurt, damage is shared between your health and your magic reserves.
You regenerate magic rapidly.


   Skills:
 - Level 3.0 Fighting
 - Level 5.1 Axes
 + Level 1.6 Armour
 - Level 1.5 Dodging
 - Level 1.0 Spellcasting
 - Level 2.6 Fire Magic


You had 6 spell levels left.
You didn't know any spells.
Your spell library contained the following spells:

 Spells                   Type           Power      Damage    Failure   Level
 Scorch                   Fire           16%        2d5       93%         2

Inventory:

Hand Weapons
 d - a +1 vorpal flail
 m - a +0 war axe (weapon)
Missiles
 g - 2 boomerangs (quivered)
Armour
 b - a +0 chain mail (worn)
 e - a +0 pair of boots (worn)
 h - a +2 helmet (worn)
 j - a +0 pair of gloves (worn)
Scrolls
 o - a scroll of identify
Potions
 a - a potion of cancellation
 c - a potion of haste {unknown}
 f - 3 potions of curing
 i - a potion of magic {unknown}
 p - a potion of berserk rage {unknown}

Dungeon Overview and Level Annotations

Branches:
Dungeon (4/15)
 Temple: D:4-7

Altars:
Kikubaaqudgha

Shops:
D:1 [   D:3 [=((

Portals:
Abyss: D:3

Annotations:
D:3 2 transporters, qw's ghost, amateur BaCK
D:4 Pikel


Message History

The lemure is almost dead.
You hit the lemure but do no damage. You hit Pikel but do no damage.
The lemure barely misses you. The lemure hits you but does no damage.
The lemure is burned by your cloak of flames.
You kill the lemure!
That felt strangely unrewarding.
Pikel hits you but does no damage. The lemure hits you.
The lemure is burned by your cloak of flames.
The lemure is heavily wounded.
Pikel hits you but does no damage.
You closely miss the lemure.
The lemure is heavily wounded.
You barely miss Pikel. The lemure barely misses you.
Pikel hits you but does no damage.
Pikel is burned by your cloak of flames.
Pikel is lightly wounded.
You slash the lemure!
The lemure is almost dead.
You closely miss Pikel. Pikel closely misses you.
The lemure hits you but does no damage.
The lemure is burned by your cloak of flames.
You kill the lemure!
That felt strangely unrewarding.
You barely miss Pikel.
Pikel is lightly wounded.
Pikel barely misses you.
You slash Pikel!
Pikel is moderately wounded.
Pikel zaps a wand.
Your mind is blasted!
You hit Pikel but do no damage.
Pikel is moderately wounded.
Pikel closely misses you.
Pikel hits you with a +2 whip of flaming.
You hit Pikel.
Pikel is moderately wounded.
Pikel barely misses you.
You barely miss Pikel.
Pikel is moderately wounded.
Pikel zaps a wand.
Your mind is blasted!
You die...

......................
..#.......##.........#.
.#...##..###...........
###...##.###....#....##
#..>.....#...........#
...#...###.............
...###. #####%....###..
... . #.......... ..
#..@....... ..
#...K...... #..
#.......... #....##.?..
#..... .#.. #..$... #
########


You could see Pikel.

Vanquished Creatures
  4 lemures (D:4)
  A howler monkey (D:3)
  A hound (D:4)
  An iguana (D:4)
  Terence (D:2)
  2 adders
  A worm (D:2)
  8 ball pythons
  5 bats
  7 endoplasms
  4 giant cockroaches
  8 goblins
  7 hobgoblins
  2 jackals (D:2)
  7 quokkas
  5 frilled lizards
  4 kobolds
  A rat (D:1)
69 creatures vanquished.

Notes
Turn   | Place    | Note
-------+----------+-------------------------------------------
     0 | D:1      | qw the Demonspawn Cinder Acolyte began the quest for the
                  | Orb.
     0 | D:1      | Reached XP level 1. HP: 18/18 MP: 2/2
     0 | D:1      | 0 ||| qw: Version: 0.1-a-112-g44dc6cd
     0 | D:1      | 0 ||| qw: Game counter: 6818
     0 | D:1      | 0 ||| qw: Always use a shield: true
     0 | D:1      | 0 ||| qw: God list: Okawaru
     0 | D:1      | 0 ||| qw: Allow faded altars: false
     0 | D:1      | 0 ||| qw: Do Orc after D:15 true
     0 | D:1      | 0 ||| qw: Do second Lair branch before Depths: true
     0 | D:1      | 0 ||| qw: Lair rune preference: random
     0 | D:1      | 0 ||| qw: Plans: Normal
     0 | D:1      | 0 ||| PLANNING D:1-11
   160 | D:1      | Reached skill level 3 in Axes
   166 | D:1      | Gained mutation: You regenerate magic rapidly. [demonic
                  | ancestry]
   166 | D:1      | Reached XP level 2. HP: 16/24 MP: 3/3
   306 | D:1      | 306 ||| Stepping ~*~*~tactically~*~*~ (stealth).
   321 | D:1      | 321 ||| Stepping ~*~*~tactically~*~*~ (stealth).
   592 | D:1      | Found Janev's Armour Boutique.
   601 | D:1      | 601 ||| SHOPLISTING +0 chain mail (58 gold, have 8).
   601 | D:1      | 601 ||| SHOPLISTING +0 cloak (58 gold, have 8).
   601 | D:1      | 601 ||| SHOPLISTING +0 pair of gloves (58 gold, have 8).
   601 | D:1      | 601 ||| SHOPLISTING +1 Delatra's gloves {ID++} (130 gold,
                  | have 8).
   601 | D:1      | 601 ||| SHOPLISTING +1 ring mail of willpower (208 gold,
                  | have 8).
   601 | D:1      | 601 ||| SHOPLISTING +3 scale mail of fire resistance (338
                  | gold, have 8).
   630 | D:1      | 630 ||| Stepping ~*~*~tactically~*~*~ (stealth).
   634 | D:1      | 634 ||| Stepping ~*~*~tactically~*~*~ (stealth).
   645 | D:1      | 645 ||| Stepping ~*~*~tactically~*~*~ (stealth).
   647 | D:1      | 647 ||| Stepping ~*~*~tactically~*~*~ (stealth).
   648 | D:1      | 648 ||| Stepping ~*~*~tactically~*~*~ (stealth).
   650 | D:1      | 650 ||| Stepping ~*~*~tactically~*~*~ (stealth).
   971 | D:1      | Reached XP level 3. HP: 29/29 MP: 4/4
  1105 | D:1      | 1105 ||| UPGRADING to +0 leather armour.
  1115 | D:1      | 1115 ||| DROPPING +0 robe.
  1116 | D:1      | 1116 ||| UPGRADING to +0 pair of gloves.
  1121 | D:1      | 1121 ||| READING 2 scrolls labelled YHAUFE UFUIBUMM.
  1122 | D:1      | 1122 ||| READING scroll labelled CABLYOCKETT.
  1123 | D:1      | 1123 ||| READING scroll labelled DEYRCH ICVOUJ.
  1124 | D:1      | 1124 ||| DROPPING scroll of noise.
  1324 | D:2      | Reached skill level 4 in Axes
  1438 | D:2      | Noticed Terence
  1449 | D:2      | 1449 ||| INVOKING Fiery Armour.
  1455 | D:2      | Killed Terence
  1456 | D:2      | Reached skill level 1 in Dodging
  1641 | D:2      | 1641 ||| Stepping ~*~*~tactically~*~*~ (stealth).
  1670 | D:2      | 1670 ||| INVOKING Fiery Armour.
  1672 | D:2      | Gained mutation: You are surrounded by a mild repulsion
                  | field. (EV +2) [demonic ancestry]
  1672 | D:2      | Reached XP level 4. HP: 13/35 MP: 5/5
  1892 | D:2      | 1892 ||| Stepping ~*~*~tactically~*~*~ (stealth).
  2466 | D:2      | 2466 ||| UPGRADING to +2 helmet.
  2471 | D:2      | 2471 ||| UPGRADING to +0 scale mail.
  2481 | D:2      | 2481 ||| DROPPING +0 leather armour.
  2482 | D:2      | 2482 ||| DROPPING scarf of harm.
  2483 | D:2      | 2483 ||| READING scroll labelled FECAMI XIKIRUE.
  2486 | D:2      | 2486 ||| READING scroll labelled EPSUING PIEGUPP.
  2535 | D:2      | 2535 ||| READING scroll labelled POEJUON KUIPLU.
  2536 | D:2      | 2536 ||| READING scroll labelled GAOWOO UHOIK.
  2677 | D:2      | 2677 ||| DRINKING 2 red potions.
  2678 | D:2      | 2678 ||| DRINKING 2 green potions.
  2679 | D:2      | 2679 ||| READING 3 scrolls of identify.
  2679 | D:2      | 2679 ||| IDENTIFYING smoky emerald potion
  2680 | D:2      | 2680 ||| READING 2 scrolls of identify.
  2680 | D:2      | 2680 ||| IDENTIFYING blue potion
  2681 | D:2      | 2681 ||| DROPPING potion of degeneration.
  2682 | D:2      | 2682 ||| DROPPING potion of flight.
  2683 | D:2      | 2683 ||| DROPPING potion of brilliance.
  2706 | D:3      | 2706 ||| PLANNING SEWER
  2713 | D:3      | Noticed a small abomination
  2728 | D:3      | 2728 ||| DROPPING +0 club.
  2729 | D:3      | Found an ancient bone altar of Kikubaaqudgha.
  2751 | D:3      | Found Jaruo's Armour Shop.
  2759 | D:3      | 2759 ||| BUYING +0 chain mail (45 gold).
  2759 | D:3      | Bought a +0 chain mail for 45 gold pieces
  2759 | D:3      | 2759 ||| BUYING +0 pair of boots (45 gold).
  2759 | D:3      | Bought a +0 pair of boots for 45 gold pieces
  2759 | D:3      | 2759 ||| SHOPLISTING +10 plate armour of ponderousness (500
                  | gold, have 54).
  2759 | D:3      | 2759 ||| SHOPLISTING +4 plate armour of cold resistance
                  | (500 gold, have 54).
  2857 | D:3      | Found Iraonte's Jewellery Shop.
  2870 | D:3      | 2870 ||| SHOPLISTING +4 ring of evasion (504 gold, have
                  | 99).
  2870 | D:3      | 2870 ||| SHOPLISTING +4 ring of protection (504 gold, have
                  | 99).
  2870 | D:3      | 2870 ||| SHOPLISTING +6 ring of strength (504 gold, have
                  | 99).
  2870 | D:3      | 2870 ||| SHOPLISTING amulet "Bujeurgh" {Spirit rC+} (616
                  | gold, have 99).
  2870 | D:3      | 2870 ||| SHOPLISTING amulet of reflection (420 gold, have
                  | 99).
  2870 | D:3      | 2870 ||| SHOPLISTING ring of Kyebb {rF- rN++ MP+9 Int+8
                  | SInv} (856 gold, have 99).
  2870 | D:3      | 2870 ||| SHOPLISTING ring of Ranemux {rElec rN+ Will+
                  | Str+2} (663 gold, have 99).
  2870 | D:3      | 2870 ||| SHOPLISTING ring of see invisible (210 gold, have
                  | 99).
  2902 | D:3      | Found Rioss's Weapon Emporium.
  3128 | D:3      | Found a transporter.
  3129 | D:3      | Found a one-way gate to the infinite horrors of the Abyss.
  3129 | D:3      | Noticed qw's ghost (amateur BaCK)
  3130 | D:3      | Found a transporter.
  3148 | D:3      | Found Husaoxeil's Weapon Shop.
  3155 | D:3      | 3155 ||| BUYING +0 war axe (35 gold).
  3155 | D:3      | Bought a +0 war axe for 35 gold pieces
  3155 | D:3      | 3155 ||| SWAPPING to +0 war axe.
  3156 | D:3      | 3156 ||| DROPPING -1 hand axe of freezing.
  3260 | D:3      | Reached skill level 1 in Armour
  3332 | D:3      | 3332 ||| RIP SEWER
  3391 | D:3      | 3391 ||| PLANNING D:1-11
  3699 | D:3      | 3699 ||| Stepping ~*~*~tactically~*~*~ (stealth).
  3797 | D:3      | 3797 ||| UPGRADING to +0 chain mail.
  3807 | D:3      | 3807 ||| UPGRADING to +0 pair of boots.
  3812 | D:3      | 3812 ||| DROPPING +0 scale mail.
  3813 | D:3      | 3813 ||| DRINKING 2 sedimented red potions.
  3863 | D:3      | 3863 ||| DROPPING potion of lignification.
  3904 | D:4      | 3904 ||| STAIRDANCE
  3911 | D:3      | Gained mutation: When hurt, damage is shared between your
                  | health and your magic reserves. [demonic ancestry]
  3911 | D:3      | Reached XP level 5. HP: 41/41 MP: 6/6
  3916 | D:4      | Reached skill level 5 in Axes
  3922 | D:4      | 3922 ||| INVOKING Fiery Armour.
  3924 | D:4      | 3924 ||| STAIRDANCE
  4145 | D:4      | Noticed a lemure
  4145 | D:4      | Noticed a lemure
  4147 | D:4      | Noticed a lemure
  4148 | D:4      | Noticed a lemure
  4150 | D:4      | Noticed Pikel
  4151 | D:4      | 4151 ||| INVOKING Fiery Armour.
  4153 | D:4      | Killed a lemure
  4153 | D:4      | Killed a lemure
  4161 | D:4      | Killed a lemure
  4163 | D:4      | Killed a lemure
  4165 | D:4      | HP: 5/41 [disintegration (8)]
  4168 | D:4      | Blown up by Pikel

Levels and vault maps discovered:
D:1:      amcnicky_arrival_wind_blow, layout_basic, serial_shops, shop
D:2:      layout_loops_corners, minmay_pentomino_o4, uniq_terence
D:3:      layout_basic, old_standard_altar, mainiacjoe_overflow_alcove_2,
          gup_sewer_entry_pipe, serial_shops, shop, shop,
          nicolae_shop_bloodbath_and_beyond, shop,
          gammafunk_ghost_abyssal_escape, uniq_crazy_yiuf_cottage
D:4:      layout_cave_pools, nemelex_dance_club_becter, serial_shops,
          nicolae_square_shop, st_stairs_3, kennysheep_cross_bottleneck,
          uniq_menkaure, uniq_natasha, uniq_pikel

Skill      XL: |  1  2  3  4  5 |
---------------+----------------+-----
Axes           | 3 4 5 |  5.1
Dodging        | 1 |  1.5
Armour         | 1 |  1.6
Fighting       | |  3.0
Spellcasting   | |  1.0
Fire Magic     | |  2.6

Action                   |  1- 3 |  4- 6 || total
-------------------------+-------+-------++-------
Melee: Hand axe          |    70 |    40 ||   110
       Punch             |     1 |     1 ||     2
       War axe           |       |    69 ||    69
Throw: Boomerang         |    40 |    45 ||    85
Invok: Fiery Armour      |     2 |     2 ||     4
  Use: Scroll            |     3 |     6 ||     9
       Potion            |       |     3 ||     3
Armor: Robe              |    11 |       ||    11
       Leather armour    |     9 |     5 ||    14
       Scale mail        |       |    28 ||    28
       Chain mail        |       |    28 ||    28
Dodge: Dodged            |    37 |    75 ||   112

Table legend:
 A = Non-vault XP
 B = Vault XP
 C = Vault XP percentage of total XP
 D = Non-vault monster count
 E = Vault monster count
 F = Vault count percentage of total count
                 A         B        C        D         E       F
            +---------+---------+-------+---------+---------+-------
      Total |     109 |     198 |  64.5 |      49 |      16 |  24.6
            +---------+---------+-------+---------+---------+-------
        D:1 |      44 |       0 |   0.0 |      26 |       0 |   0.0
        D:2 |      38 |      46 |  54.8 |      15 |       5 |  25.0
        D:3 |      23 |      71 |  75.5 |       6 |       8 |  57.1
        D:4 |       4 |      81 |  95.3 |       2 |       3 |  60.0
            +---------+---------+-------+---------+---------+-------
